 Dungeon Crawl Stone Soup version 0.29.0-4-gdea44cf6ec (webtiles) character file.

Game seed: 16610461668967728284

73 qw the Sneak (level 4, -5/36 HPs)
             Began as a Ghoul Enchanter on Sept 8, 2022.
             Slain by a wight
             ... wielding a +2 halberd of freezing
              (9 damage)
             ... on level 3 of the Dungeon.
             The game lasted 00:00:54 (2701 turns).

qw the Sneak (Ghoul Enchanter)                      Turns: 2701, Time: 00:00:55

Health: -5/36      AC: 10    Str: 13    XL:     4   Next: 27%
Magic:  5/5        EV:  3    Int: 10    God:
Gold:   205        SH:  0    Dex:  9    Spells: 6/6 levels left

rFire   . . .      SeeInvis .   Y - +1 war axe
rCold   + . .      Faith    .   (no shield)
rNeg    + + +      Spirit   .   b - +0 plate armour
rPois   inf        Reflect  .   (no helmet)
rElec   .          Harm     .   (no cloak)
rCorr   .          Rampage  .   (no gloves)
Will    .....                   (no boots)
Stlth   ..........              (no amulet)
HPRegen 0.00/turn               (no ring)
MPRegen 0.09/turn               (no ring)

@: inhibited regen
A: claws 1, cold resistance 1, negative energy resistance 3, inhibited
regeneration, torment resistance 2, devour on kill
a: no special abilities


You were on level 3 of the Dungeon.
You visited 1 branch of the dungeon, and saw 3 of its levels.

You collected 205 gold pieces.


Innate Abilities, Weirdness & Mutations

You are immune to poison.
You have sharp fingernails.
Your flesh is cold resistant. (rC+)
You are immune to negative energy. (rN+++)
You do not regenerate when monsters are visible.
You are immune to unholy pain and torment.
You thrive by killing the living.


   Skills:
 - Level 2.0 Fighting
 - Level 0.8 Short Blades
 + Level 2.0 Axes
 - Level 1.7 Armour
 - Level 1.7 Dodging
 - Level 3.2 Stealth
 - Level 1.7 Spellcasting
 - Level 2.4 Hexes


You had 6 spell levels left.
You didn't know any spells.
Your spell library contained the following spells:

 Spells                   Type           Power      Damage    Failure   Level
 Ensorcelled Hibernation  Hex/Ice        6%         N/A       100%        2
 Confusing Touch          Hex            5%         N/A       100%        3
 Dazzling Flash           Conj/Hex       6%         N/A       100%        3
 Tukima's Dance           Hex            5%         N/A       100%        3

Inventory:

Hand Weapons
 d - a +0 mace
 Y - a +1 war axe (weapon)
Missiles
 e - 3 boomerangs (quivered)
Armour
 b - a +0 plate armour (worn)
Scrolls
 a - a scroll of fear {unknown}
 h - a scroll of identify
Potions
 g - a potion of curing {unknown}
 i - 2 potions of attraction {unknown}

Dungeon Overview and Level Annotations

Branches:
Dungeon (3/15)

Altars:


Message History

You slash the adder!
You kill the adder!
Your Fighting skill increases to level 2!
You start resting.
HP restored.
You see here an adder corpse.
Found 3 stones.
Enter note: 2 wights come into view.
A wight is wielding a +2 halberd of freezing.
2695 ||| Stepping ~*~*~tactically~*~*~ (hiding).
Throw: 3 boomerangs
Press: ? - help, Q - select action Shift-Dir - straight line, f - wight You throw a boomerang.
The boomerang hits the wight.
The wight is moderately damaged.
A rat comes into view.
You hit the wight.
The wight is heavily damaged.
The wight hits you but does no damage.
You barely miss the wight.
The wight is heavily damaged.
The wight hits you with a +0 short sword.
You closely miss the wight.
The wight is heavily damaged.
The wight completely misses you.
The wight hits you from afar with a +2 halberd of freezing!
The wight freezes you.
The wight hits you with a +0 short sword.
The wight hits you from afar with a +2 halberd of freezing.
You completely miss the wight.
The wight is heavily damaged.
The wight hits you from afar with a +2 halberd of freezing!
The wight freezes you.
You hit the wight.
The wight is severely damaged.
You barely miss the rat.
The wight hits you with a +0 short sword.
The rat bites you but does no damage.
The wight hits you from afar with a +2 halberd of freezing!
You die...

##..(.......##
.............#
.##........... ## #
.##.........# .. . #.
..#.........# z#.#...
..#.........# .#... #
..##.......##### ...#...
..###..........###.......
...##.#%######..@.z..#
...#..#....##..rz..#.....
.....#####.........# ...
....................# .
......................
......####........#.#..
##.##...............(...
...# ###.............#..
#### ..............


You could see 2 wights and a rat.

Vanquished Creatures
  An orc wizard (D:3)
  An adder (D:3)
  A worm (D:2)
  2 orcs (D:3)
  3 bats (D:1)
  4 endoplasms
  4 goblins
  A hobgoblin (D:3)
  3 kobolds
  2 quokkas
  5 ball pythons (D:1)
  2 frilled lizards (D:1)
  3 rats (D:1)
32 creatures vanquished.

Notes
Turn   | Place    | Note
-------+----------+-------------------------------------------
     0 | D:1      | qw the Ghoul Enchanter began the quest for the Orb.
     0 | D:1      | Reached XP level 1. HP: 14/14 MP: 2/2
     0 | D:1      | 0 ||| qw: Version: 0.1-a-112-g44dc6cd
     0 | D:1      | 0 ||| qw: Game counter: 6712
     0 | D:1      | 0 ||| qw: Always use a shield: true
     0 | D:1      | 0 ||| qw: God list: Okawaru
     0 | D:1      | 0 ||| qw: Allow faded altars: false
     0 | D:1      | 0 ||| qw: Do Orc after D:15 true
     0 | D:1      | 0 ||| qw: Do second Lair branch before Depths: true
     0 | D:1      | 0 ||| qw: Lair rune preference: random
     0 | D:1      | 0 ||| qw: Plans: Normal
     0 | D:1      | 0 ||| PLANNING D:1-11
    60 | D:1      | 60 ||| SWAPPING to +0 mace.
    61 | D:1      | 61 ||| DROPPING +1 dagger.
   160 | D:1      | 160 ||| Stepping ~*~*~tactically~*~*~ (stealth).
   166 | D:1      | 166 ||| Stepping ~*~*~tactically~*~*~ (stealth).
   168 | D:1      | 168 ||| Stepping ~*~*~tactically~*~*~ (stealth).
   186 | D:1      | 186 ||| Stepping ~*~*~tactically~*~*~ (stealth).
   187 | D:1      | 187 ||| Stepping ~*~*~tactically~*~*~ (stealth).
   256 | D:1      | Reached skill level 1 in Axes
   331 | D:1      | 331 ||| Stepping ~*~*~tactically~*~*~ (stealth).
   332 | D:1      | 332 ||| Stepping ~*~*~tactically~*~*~ (stealth).
   335 | D:1      | 335 ||| Stepping ~*~*~tactically~*~*~ (stealth).
   336 | D:1      | 336 ||| Stepping ~*~*~tactically~*~*~ (stealth).
   337 | D:1      | 337 ||| Stepping ~*~*~tactically~*~*~ (stealth).
   348 | D:1      | Reached skill level 1 in Fighting
   348 | D:1      | Reached XP level 2. HP: 14/23 MP: 3/3
   356 | D:1      | 356 ||| Stepping ~*~*~tactically~*~*~ (stealth).
   372 | D:1      | 372 ||| Stepping ~*~*~tactically~*~*~ (stealth).
   373 | D:1      | 373 ||| Stepping ~*~*~tactically~*~*~ (stealth).
   374 | D:1      | 374 ||| Stepping ~*~*~tactically~*~*~ (stealth).
   404 | D:1      | HP: 5/23 [constriction (1)]
   796 | D:1      | 796 ||| SWAPPING to +0 war axe.
  1341 | D:1      | 1341 ||| UPGRADING to +0 ring mail.
  1351 | D:1      | 1351 ||| DROPPING +0 robe.
  1352 | D:1      | 1352 ||| READING scroll labelled NOISTR ROIDIE.
  1353 | D:1      | 1353 ||| DRINKING 2 bubbling puce potions.
  1354 | D:1      | 1354 ||| DROPPING 2 potions of invisibility.
  1355 | D:1      | 1355 ||| DROPPING potion of brilliance.
  1741 | D:2      | Reached XP level 3. HP: 19/28 MP: 4/4
  2014 | D:2      | Found a faded altar of an unknown god.
  2490 | D:2      | 2490 ||| UPGRADING to +0 plate armour.
  2500 | D:2      | 2500 ||| DROPPING +0 ring mail.
  2501 | D:2      | 2501 ||| READING scroll labelled USUYRU IPPU.
  2504 | D:2      | 2504 ||| READING scroll labelled LYNEHO DUACKUM.
  2505 | D:2      | 2505 ||| READING 2 scrolls labelled ZESENAS CATAKYP.
  2579 | D:3      | 2579 ||| Stepping ~*~*~tactically~*~*~ (stealth).
  2641 | D:3      | 2641 ||| Stepping ~*~*~tactically~*~*~ (stealth).
  2642 | D:3      | 2642 ||| Stepping ~*~*~tactically~*~*~ (stealth).
  2648 | D:3      | Reached skill level 1 in Armour
  2648 | D:3      | Reached XP level 4. HP: 35/35 MP: 5/5
  2695 | D:3      | 2695 ||| Stepping ~*~*~tactically~*~*~ (hiding).
  2700 | D:3      | HP: 9/36 [wight/+2 halberd of freezing (7)]
  2701 | D:3      | HP: 4/36 [wight/+0 short sword (4)]
  2701 | D:3      | Slain by a wight

Levels and vault maps discovered:
D:1:      dpeg_arrival_tiny_d, layout_basic, serial_bayou_pond_c
D:2:      layout_basic, shapermc_ecumenical_altar_notcrosses, grunt_ministairs_4
D:3:      layout_rooms, mainiacjoe_overflow_surrounded_room,
          ebering_ghost_inner_flame

Skill      XL: |  1  2  3  4 |
---------------+-------------+-----
Axes           | 1 2 |  2.0
Fighting       | 1 2 |  2.0
Armour         | 1 |  1.7
Short Blades   | |  0.8
Dodging        | |  1.7
Stealth        | |  3.2
Spellcasting   | |  1.7
Hexes          | |  2.4

Action                   |  1- 3 |  4- 6 || total
-------------------------+-------+-------++-------
Melee: Mace              |    37 |       ||    37
       Dagger            |     2 |       ||     2
       War axe           |    49 |    11 ||    60
       Punch             |     1 |       ||     1
Throw: Boomerang         |    15 |     4 ||    19
  Use: Scroll            |     4 |       ||     4
       Potion            |     1 |       ||     1
Armor: Robe              |    12 |       ||    12
       Ring mail         |     4 |       ||     4
       Plate armour      |    16 |     9 ||    25
Dodge: Dodged            |    56 |     1 ||    57

Table legend:
 A = Non-vault XP
 B = Vault XP
 C = Vault XP percentage of total XP
 D = Non-vault monster count
 E = Vault monster count
 F = Vault count percentage of total count
                 A         B        C        D         E       F
            +---------+---------+-------+---------+---------+-------
      Total |     103 |       2 |   1.9 |      31 |       1 |   3.1
            +---------+---------+-------+---------+---------+-------
        D:1 |      31 |       0 |   0.0 |      19 |       0 |   0.0
        D:2 |      12 |       2 |  14.3 |       5 |       1 |  16.7
        D:3 |      60 |       0 |   0.0 |       7 |       0 |   0.0
            +---------+---------+-------+---------+---------+-------
